 Dungeon Crawl Stone Soup version 0.21.1-1-g345015fe64 (webtiles) character file.

299 Jannitor the Vexing (level 6, -7/41 HPs)
             Began as a Demonspawn Enchanter on May 6, 2018.
             Shot with an arrow by a centaur (13 damage)
             ... on level 4 of the Dungeon.
             The game lasted 00:09:15 (5891 turns).

Jannitor the Vexing (Demonspawn Enchanter)          Turns: 5891, Time: 00:09:15

Health: -7/41      AC:  3    Str: 10    XL:     6   Next: 13%
Magic:  9/9        EV: 12    Int: 16    God:
Gold:   170        SH:  0    Dex: 14    Spells: 3/9 levels left

rFire    . . .     SeeInvis .   a - +1 dagger
rCold    + . .     Gourm    .   (no shield)
rNeg     . . .     Faith    .   b - +1 robe
rPois    .         Spirit   .   (helmet restricted)
rElec    .         Reflect  .   (no cloak)
rCorr    .         Harm     .   (no gloves)
MR       .....                  (no boots)
Stlth    +++.......             (no amulet)
HPRegen  0.13/turn              (no ring)
MPRegen  0.11/turn              (no ring)

@: no status effects
A: horns 1, cold resistance 1, sturdy frame 2
a: no special abilities


You were on level 4 of the Dungeon.
You were not hungry.

You visited 1 branch of the dungeon, and saw 4 of its levels.

You collected 170 gold pieces.

Inventory:

Hand Weapons
 a - a +1 dagger (weapon)
Armour
 b - a +1 robe (worn)
Scrolls
 e - a scroll of teleportation
 i - a scroll of fog
Potions
 f - a potion of curing {unknown}
 g - a potion of haste
 h - a potion of brilliance {unknown}
 j - a potion of flight {unknown}
 k - a potion of ambrosia {unknown}
 l - a potion of heal wounds
Books
 c - a book of Maledictions

   Spells                             Type                      Level
   a - Corona                         Hexes                        1
   b - Ensorcelled Hibernation        Hexes/Ice                    2
   c - Confuse                        Hexes                        3
   d - Tukima's Dance                 Hexes                        3
   e - Dazzling Spray                 Conjuration/Hexes            3
Comestibles
 d - 6 rations


   Skills:
 + Level 2.8 Short Blades
 - Level 1.7 Dodging
 + Level 4.1 Stealth
 - Level 2.0 Spellcasting
 * Level 5.3 Hexes


You had 3 spell levels left.
You knew the following spells:

 Your Spells              Type           Power        Failure   Level  Hunger
a - Corona                Hex            ###....      2%          1    #......
b - Ensorcelled Hibernat  Hex/Ice        ##....       11%         2    ###....
c - Confuse               Hex            ###.....     7%          3    ###....


Dungeon Overview and Level Annotations

Branches:
Dungeon (4/15)
 Temple: D:4-7

Altars:
Dithmenos
Qazlal
Vehumet

Annotations:
D:3 Name63's ghost, amateur GnNe
D:4 Blork the orc; Pikel


Innate Abilities, Weirdness & Mutations

You have a pair of small horns on your head.
Your flesh is cold resistant. (rC+)
Your movements are less encumbered by armour. (ER -4)


Message History

The slave is severely wounded.
The slave hits you.
Pikel the Slaver comes into view.
He is wielding a whip of flaming.
Pikel shouts!
Pikel zaps a wand.
Some rock shatters into small pieces.
It is a wand of digging (16).
The slave shouts!
You hear a shout!
The centaur wields a shortbow.
The centaur shoots an arrow.
The arrow hits you!
A centaur comes into view. It is wielding a shortbow.
You see here an arrow.
You hear a zap.
You hear a grinding noise.
The centaur shoots an arrow.
The arrow hits you!
* * * LOW HITPOINT WARNING * * *
You see here an arrow.
The centaur shoots an arrow.
The arrow misses you.
The centaur shoots an arrow.
The arrow closely misses you.
You hear a zap.
Some rock shatters into small pieces.
The centaur shoots an arrow.
The arrow hits you!
You die...

#... ##......### #...
#.........## ##...
##.........## #....###
##.........## #...###
##.........##
#.#<.####..........##
##..##...##...........
#.....#....##.........
##....@p###...#........
#......(...##.....c....
#>.......(..###...p....
#.............###...(...
#..............#...###..
#............pcK..## ##.
#................## ##
#..............### #
#.............##


You could see 2 slaves and a centaur.

Vanquished Creatures
  A slave (D:3)
  A centaur zombie (D:3)
  An orc priest (D:3)
  Jessica (D:3)
  2 orc wizards (D:3)
  A worker ant (D:4)
  4 adders (D:3)
  An ooze (D:3)
  An adder skeleton (D:3)
  2 worms (D:3)
  2 dart slugs (D:1)
  2 leopard geckos (D:3)
  6 orcs
  A ball python (D:3)
  5 giant cockroaches
  10 goblins
  7 hobgoblins
  3 jackals
  5 kobolds (D:1)
  A quokka (D:4)
  7 bats
  4 frilled lizards
  4 rats
72 creatures vanquished.

Notes
Turn   | Place    | Note
-------+----------+-------------------------------------------
     0 | D:1      | Jannitor the Demonspawn Enchanter began the quest for the Orb.
     0 | D:1      | Reached XP level 1. HP: 13/13 MP: 3/3
    60 | D:1      | Reached skill level 1 in Short Blades
   345 | D:1      | Gained mutation: Your flesh is cold resistant. (rC+) [demonic ancestry]
   345 | D:1      | Reached XP level 2. HP: 18/19 MP: 5/5
   349 | D:1      | Learned a level 2 spell: Ensorcelled Hibernation
  1377 | D:1      | Gained mutation: Your movements are slightly less encumbered by armour. (ER -2) [demonic ancestry]
  1377 | D:1      | Reached XP level 3. HP: 24/24 MP: 6/6
  1819 | D:2      | Found a shadowy altar of Dithmenos.
  2204 | D:2      | Found a radiant altar of Vehumet.
  3741 | D:3      | Reached skill level 4 in Hexes
  3753 | D:3      | Gained mutation: You have a pair of small horns on your head. [demonic ancestry]
  3753 | D:3      | Reached XP level 4. HP: 15/30 MP: 3/7
  4101 | D:3      | Noticed Name63's ghost (amateur GnNe)
  4186 | D:2      | Learned a level 3 spell: Confuse
  4533 | D:3      | Reached XP level 5. HP: 33/35 MP: 5/8
  4659 | D:3      | Found a stormy altar of Qazlal.
  4676 | D:3      | Reached skill level 5 in Hexes
  5050 | D:3      | Noticed Jessica
  5055 | D:3      | Killed Jessica
  5202 | D:3      | Gained mutation: Your movements are less encumbered by armour. (ER -4) [demonic ancestry]
  5202 | D:3      | Reached XP level 6. HP: 41/41 MP: 9/9
  5429 | D:4      | Noticed Blork the orc
  5429 | D:4      | Noticed a slave
  5430 | D:4      | Noticed a slave
  5463 | D:3      | Killed a slave
  5862 | D:4      | Noticed a slave
  5864 | D:4      | Noticed a slave
  5876 | D:4      | Noticed Pikel
  5891 | D:4      | Shot with an arrow by a centaur

Skill      XL: |  1  2  3  4  5 |
---------------+----------------+-----
Short Blades   | 1 2 |  2.8
Stealth        | 3 4 |  4.1
Hexes          | 4 5 |  5.3
Dodging        | |  1.7
Spellcasting   | |  2.0

Action                   |  1- 3 |  4- 6 || total
-------------------------+-------+-------++-------
Melee: Dagger            |   220 |   108 ||   328
       Headbutt          |       |    19 ||    19
 Cast: Corona            |    14 |     1 ||    15
       Ensorcelled Hiber |     4 |    12 ||    16
       Confuse           |       |     2 ||     2
  Use: Scroll            |       |     7 ||     7
       Potion            |       |     2 ||     2
 Stab: Sleeping          |     9 |    10 ||    19
       Distracted        |     1 |     1 ||     2
       Confused          |       |     1 ||     1
  Eat: Chunk             |     6 |     8 ||    14
       Ration            |     1 |       ||     1
Armor: Robe              |    26 |    39 ||    65
Dodge: Dodged            |   143 |   109 ||   252
